[Event "fics rated crazyhouse match"]
[Site "fics, Oklahoma City, OK USA"]
[Date "2001.02.19"]
[White "liveZ"]
[WhiteElo "2352"]
[Black "sysco"]
[BlackElo "2255"]
[TimeControl "60+0"]
[Result "0-1"]

1. e4 e5 2. d4 Nc6 3. d5 Nce7 4. Nf3 Ng6 5. Nc3 Nf6 6. Bb5 
Bc5 7. O-O O-O 8. Bg5 d6 9. a3 Bg4 10. Be2 h6 11. Bxf6 Qxf6 
12. N@d7 Bxd7 13. b4 Bd4 14. Nxd4 exd4 15. Nb1 Nf4 16. B@f3 B@b2 17. Ra2 
N@c3 18. Nxc3 Bxc3 19. N@f5 Bxf5 20. exf5 Qxf5 21. B@e4 Qg5 22. g3 N@h3+ 
23. Kh1 Nxe2 24. Qxe2 B@a6 25. Bd3 Bxd3 26. cxd3 N@f4 27. Qe4 P@f5 28. B@h4 
fxe4 29. dxe4 B@g4 30. Bg2 Q@f3 31. N@e3 dxe3 32. fxe3 Qxf1+ 33. Bxf1 R@g1# 
{liveZ checkmated} 0-1

[Event "fics rated crazyhouse match"]
[Site "fics, Oklahoma City, OK USA"]
[Date "2001.02.19"]
[White "sysco"]
[WhiteElo "2270"]
[Black "liveZ"]
[BlackElo "2342"]
[TimeControl "60+0"]
[Result "1-0"]

1. e4 e6 2. d4 d5 3. e5 c5 4. Be3 Nc6 5. c3 cxd4 6. cxd4 
Bb4+ 7. P@c3 Be7 8. Be2 Bd7 9. Nh3 P@e4 10. O-O f6 11. f4 Nh6 
12. exf6 gxf6 13. P@g5 Nf5 14. Bc1 P@d3 15. Bh5+ Kf8 16. gxf6 Bxf6 17. P@e5 
Bg7 18. Qe1 P@g6 19. Bd1 Qe7 20. b3 Qf7 21. Ba3+ Ke8 22. Nd2 h6 
23. c4 e3 24. cxd5 exd5 25. Nf3 P@g4 26. Rc1 gxh3 27. Rxc6 Bxc6 28. Qa5 
b6 29. Qa6 hxg2 30. Kxg2 N@h4+ 31. Nxh4 Nxh4+ 32. Kh3 Qe6+ 33. f5 N@g1+ 
34. Rxg1 Qxf5+ 35. Bg4 P@f2 36. P@d7+ Bxd7 37. N@d6+ Kf8 38. Nxf5# 
{liveZ forfeits on time} 1-0

[Event "fics rated crazyhouse match"]
[Site "fics, Oklahoma City, OK USA"]
[Date "2001.02.19"]
[White "spurs"]
[WhiteElo "2301"]
[Black "LINDEGREN"]
[BlackElo "2376"]
[TimeControl "60+0"]
[Result "1-0"]

1. d4 Nf6 2. Nf3 e6 3. Nc3 d6 4. Bg5 Nc6 5. Bxf6 gxf6 6. e3 
Rg8 7. Bb5 B@g4 8. Bxc6+ bxc6 9. N@f4 B@h5 10. Nxh5 Bxh5 11. N@f4 Bxf3 
12. gxf3 N@h4 13. B@h3 N@g5 14. B@g4 Nxh3 15. Bxh3 B@g5 16. Qe2 Bxf4 17. exf4 
N@g2+ 18. Kd1 Nxf4 19. Qd2 Nxh3 20. B@g3 B@h6 21. N@e3 Nf5 22. Re1 P@f4 
23. Nxf5 fxg3 24. Nxh6 gxf2 25. Nxg8 fxe1=Q+ 26. Qxe1 P@f2 27. Qe2 R@e1+ 28. Kd2 
Rxe2+ 29. Nxe2 B@h6+ 30. P@f4 e5 31. N@e4 Bhg7 32. fxe5 dxe5 33. P@d6 cxd6 
34. B@e3 exd4 35. Nxd4 P@e5 36. P@e6 Bxe6 37. Nxc6 Qc7 38. Nb4 P@d4 39. R@c3 
dxc3+ 40. bxc3 P@d4 41. Bxd4 exd4 42. P@d7+ Qxd7 43. Ngxf6+ Bxf6 44. cxd4 Kd8 
45. P@c7+ Qxc7 46. Nc6+ Qxc6 47. R@e8+ Kxe8 48. P@c3 Ke7 49. Ke3 B@e1 50. Rxe1 
Q@d2+ 51. Kxd2 fxe1=Q+ 52. Kxe1 N@c4 53. Kd1 
{LINDEGREN forfeits on time} 1-0

[Event "fics rated crazyhouse match"]
[Site "fics, Oklahoma City, OK USA"]
[Date "2001.02.19"]
[White "LINDEGREN"]
[WhiteElo "2366"]
[Black "spurs"]
[BlackElo "2311"]
[TimeControl "60+0"]
[Result "1-0"]

1. e4 e6 2. Nc3 d5 3. d4 Bb4 4. exd5 Bxc3+ 5. bxc3 exd5 6. Nf3 
Qe7+ 7. Be2 Bg4 8. Ne5 Bxe2 9. Qxe2 B@e4 10. f3 Bg6 11. O-O Nf6 
12. B@h4 P@e6 13. Bxf6 gxf6 14. P@g7 Rg8 15. B@f8 Qd8 16. Nxg6 fxg6 17. Qxe6+ 
N@e7 18. P@f7# 
{spurs checkmated} 1-0

[Event "fics rated crazyhouse match"]
[Site "fics, Oklahoma City, OK USA"]
[Date "2001.02.19"]
[White "spurs"]
[WhiteElo "2304"]
[Black "LINDEGREN"]
[BlackElo "2373"]
[TimeControl "60+0"]
[Result "0-1"]

1. d4 Nf6 2. Nf3 Nc6 3. Nc3 e6 4. Bg5 d6 5. Bxf6 gxf6 6. e3 
Rg8 7. Bb5 B@h5 8. Bxc6+ bxc6 9. N@f4 Bxf3 10. gxf3 B@h6 11. B@h3 Bxf4 
12. exf4 N@h4 13. B@g3 N@g2+ 14. Bxg2 Nxg2+ 15. Kf1 B@h3 16. Ke2 e5 17. dxe5 
fxe5 18. N@h5 P@e7 19. fxe5 Bcg4 20. N@f6+ exf6 21. Nxf6+ Qxf6 22. exf6 Bxf3+ 
23. Kd2 N@c4+ 24. Kc1 Bxd1 25. Rxd1 P@d2+ 26. Kb1 N@a3# 
{spurs resigns} 0-1

[Event "fics rated crazyhouse match"]
[Site "fics, Oklahoma City, OK USA"]
[Date "2001.02.19"]
[White "LINDEGREN"]
[WhiteElo "2379"]
[Black "RFrancisco"]
[BlackElo "2394"]
[TimeControl "120+0"]
[Result "0-1"]

1. e4 Nf6 2. Nc3 e5 3. Nf3 Bc5 4. Bc4 d6 5. O-O O-O 6. d3 
Nbd7 7. Bg5 h6 8. Bxf6 Nxf6 9. N@f5 Bxf5 10. exf5 B@g4 11. B@e4 N@h4 
12. Bxf7+ Rxf7 13. P@g6 Rf8 14. Nxh4 Bxd1 15. Raxd1 B@e8 16. Nf3 d5 17. N@e6 
Qd6 18. Nxf8 dxe4 19. Nxe4 Nxe4 20. P@f7+ Bxf7 21. gxf7+ Kxf7 22. B@e6+ Ke7 
23. R@f7+ Ke8 24. dxe4 P@e2 25. B@b5+ P@c6 26. Bxe2 Bxf2+ 27. Kh1 P@h3 28. Rxf2 
hxg2+ 29. Rxg2 P@h3 30. P@d7+ Kd8 31. B@h4+ N@e7 
{LINDEGREN forfeits on time} 0-1

[Event "fics rated crazyhouse match"]
[Site "fics, Oklahoma City, OK USA"]
[Date "2001.02.19"]
[White "RFrancisco"]
[WhiteElo "2402"]
[Black "LINDEGREN"]
[BlackElo "2371"]
[TimeControl "120+0"]
[Result "0-1"]

1. e4 Nf6 2. Nc3 Nc6 3. d4 e6 4. Nf3 Bb4 5. Bd3 d5 6. e5 
Ne4 7. Bd2 Bxc3 8. bxc3 N@g4 9. O-O Nxd2 10. Qxd2 B@e4 11. B@h5 Bxf3 
12. gxf3 Ncxe5 13. dxe5 Nxe5 14. B@g3 Nxd3 15. cxd3 P@g6 16. Bg4 h5 17. Bh3 
B@h6 18. Qe2 h4 19. N@e5 hxg3 20. fxg3 B@e3+ 21. Kg2 N@g5 22. P@h4 Nxh3 
23. Nxf7 Kxf7 24. N@e5+ Kg8 25. Qxe3 Bxe3 26. B@f7+ Kf8 27. Nxg6+ Kxf7 28. N@e5+ 
Kg8 29. P@f7+ Kh7 30. f8=N+ Rxf8 31. Nxf8+ Qxf8 32. P@g6+ Kg8 33. Kxh3 B@f5+ 
34. g4 N@f4# 
{RFrancisco resigns} 0-1

[Event "fics rated crazyhouse match"]
[Site "fics, Oklahoma City, OK USA"]
[Date "2001.02.19"]
[White "LINDEGREN"]
[WhiteElo "2380"]
[Black "RFrancisco"]
[BlackElo "2393"]
[TimeControl "120+0"]
[Result "1-0"]

1. e4 e6 2. Nc3 b6 3. d4 Bb7 4. Bd3 Ne7 5. f3 d5 6. Nge2 
Nbc6 7. e5 Ng6 8. f4 Nxd4 9. Nxd4 Bc5 10. N@f3 Bxd4 11. Nxd4 P@c5 
12. Bb5+ Kf8 13. Nc6 Bxc6 14. Bxc6 N@d4 15. Bxa8 Qxa8 16. O-O B@a5 17. B@f6 
Bxc3 18. Bxg7+ Ke7 19. P@d6+ Kd7 20. bxc3 N@e2+ 21. Kh1 Rg8 22. cxd4 N@g3+ 
23. hxg3 Nxg3+ 24. Kg1 P@e2 25. B@b5+ c6 26. Bxe2 Nxf1 27. N@f6# 
{RFrancisco resigns} 1-0

[Event "fics rated crazyhouse match"]
[Site "fics, Oklahoma City, OK USA"]
[Date "2001.02.19"]
[White "RFrancisco"]
[WhiteElo "2385"]
[Black "LINDEGREN"]
[BlackElo "2388"]
[TimeControl "120+0"]
[Result "1-0"]

1. b3 Nf6 2. Bb2 d6 3. f4 Nc6 4. Nf3 e6 5. e3 Be7 6. Be2 
O-O 7. O-O Ne8 8. d3 f6 9. Nbd2 e5 10. fxe5 Nxe5 11. Ne4 P@f5 
12. Ng3 c6 13. P@f4 Ng4 14. Qd2 d5 15. h3 Nh6 16. Kh2 Bd6 17. c4 
Qe7 18. cxd5 cxd5 19. P@e5 Bc7 20. exf6 Nxf6 21. P@e5 Nfg4+ 22. hxg4 Nxg4+ 
23. Kh1 P@h4 24. Nh5 P@g6 25. Nxg7 Qxg7 26. P@f6 N@g3+ 27. Kg1 Qf7 28. Nh2 
Nh6 29. N@e7+ Kh8 30. Rac1 Bd8 31. Rxc8 Bxe7 32. fxe7 Qxe7 33. B@f6+ P@g7 
34. Bxg7+ Qxg7 35. B@f6 Raxc8 36. Bxg7+ Kxg7 37. P@f6# 
{LINDEGREN resigns} 1-0

[Event "fics rated crazyhouse match"]
[Site "fics, Oklahoma City, OK USA"]
[Date "2001.02.19"]
[White "LINDEGREN"]
[WhiteElo "2380"]
[Black "RFrancisco"]
[BlackElo "2393"]
[TimeControl "120+0"]
[Result "1-0"]

1. e4 d6 2. Nc3 Nf6 3. d4 g6 4. Bd3 Bg7 5. Be3 h5 6. Nf3 
Ng4 7. O-O Nd7 8. Qe2 e6 9. Rad1 Qe7 10. Bg5 f6 11. Be3 Nf8 
12. e5 Bd7 13. exd6 cxd6 14. d5 P@f7 15. Nb5 Bxb5 16. Bxb5+ Nd7 17. P@c6 
bxc6 18. dxc6 Nde5 19. c7+ Kf8 20. P@b7 Qxc7 21. bxa8=Q# 
{RFrancisco resigns} 1-0

[Event "fics rated crazyhouse match"]
[Site "fics, Oklahoma City, OK USA"]
[Date "2001.02.19"]
[White "RFrancisco"]
[WhiteElo "2385"]
[Black "LINDEGREN"]
[BlackElo "2388"]
[TimeControl "120+0"]
[Result "0-1"]

1. e4 Nf6 2. Nc3 Nc6 3. d4 e6 4. Nge2 Bb4 5. f3 d6 6. Be3 
O-O 7. Rg1 Bd7 8. Qd2 e5 9. d5 Na5 10. Ng3 Qe7 11. h4 Bxc3 
12. bxc3 N@c4 13. B@g5 Nxd2 14. Kxd2 Nxd5 15. Bxe7 Nxe3 16. Q@g5 Nec4+ 17. Bxc4 
B@f4+ 18. Qxf4 Nxc4+ 19. Ke2 exf4 20. N@h6+ Kh8 
{RFrancisco resigns} 0-1

[Event "fics rated crazyhouse match"]
[Site "fics, Oklahoma City, OK USA"]
[Date "2001.02.19"]
[White "LINDEGREN"]
[WhiteElo "2396"]
[Black "RFrancisco"]
[BlackElo "2377"]
[TimeControl "120+0"]
[Result "1-0"]

1. e4 d5 2. exd5 e6 3. d4 Nf6 4. Nc3 Nxd5 5. Nf3 Bb4 6. Bd2 
Qe7 7. Bd3 Bxc3 8. bxc3 f5 9. Ne5 Nd7 10. Nxd7 Bxd7 11. N@e5 P@f6 
12. B@h5+ Kd8 13. Nf7+ Qxf7 14. Bxf7 N@h4 15. Rg1 Ke7 16. Bh5 g6 17. Bhe2 
N@f4 18. Bxf4 Nxf4 19. P@e5 Nhxg2+ 20. Kd2 B@g5 21. exf6+ Bxf6 22. N@e5 Rhg8 
23. Q@f7# 
{RFrancisco resigns} 1-0

[Event "fics rated crazyhouse match"]
[Site "fics, Oklahoma City, OK USA"]
[Date "2001.02.19"]
[White "RFrancisco"]
[WhiteElo "2369"]
[Black "LINDEGREN"]
[BlackElo "2404"]
[TimeControl "120+0"]
[Result "1-0"]

1. e4 Nf6 2. Nc3 Nc6 3. d4 e6 4. Nf3 d5 5. e5 Ne4 6. Be3 
Bb4 7. Bd3 Nxc3 8. bxc3 Bxc3+ 9. Kf1 P@f5 10. N@h5 Rg8 11. Bg5 Qd7 
12. Bb5 N@e4 13. Rb1 a6 14. Bxc6 Qxc6 15. Nxg7+ Rxg7 16. N@f6+ Nxf6 17. exf6 
B@b5+ 18. Kg1 Rg6 19. N@g7+ Kf8 20. P@e7+ Kg8 21. e8=N Qxe8 22. Nxe8 Bxe8 
23. Rxb7 N@f4 24. Q@g3 N@e2+ 25. Kf1 Nxg3+ 26. hxg3 
{LINDEGREN forfeits on time} 1-0

[Event "fics rated crazyhouse match"]
[Site "fics, Oklahoma City, OK USA"]
[Date "2000.02.20"]
[White "LSS"]
[WhiteElo "2540"]
[Black "vbr"]
[BlackElo "1974"]
[TimeControl "180+0"]
[Result "1-0"]

1. e4 e5 2. Bc4 Nf6 3. Nf3 Nc6 4. Ng5 d5 5. exd5 Nxd5 6. Nxf7 
Kxf7 7. Qf3+ N@f6 8. Bxd5+ Qxd5 9. Qxd5+ Nxd5 10. N@g5+ Kg6 11. Q@f7+ Kxg5 
12. h4+ Kg4 13. Qf3# 
{vbr checkmated} 1-0

[Event "fics rated crazyhouse match"]
[Site "fics, Oklahoma City, OK USA"]
[Date "2000.02.20"]
[White "vbr"]
[WhiteElo "1973"]
[Black "LSS"]
[BlackElo "2541"]
[TimeControl "180+0"]
[Result "0-1"]

1. e4 e6 2. Nc3 d5 3. exd5 exd5 4. Nf3 Nf6 5. d4 Be7 6. Be2 
Nc6 7. O-O O-O 8. P@h6 gxh6 9. Bxh6 Re8 10. Ne5 P@g7 11. Bh5 P@g6 
12. Bg5 Nxh5 13. Bxe7 Rxe7 14. B@h4 B@f6 15. Bxf6 Nxf6 16. Qd2 Nxe5 17. dxe5 
Rxe5 18. P@h6 B@g5 19. f4 B@e3+ 20. Qxe3 Rxe3 21. fxg5 P@f3 22. Rxf3 Rxf3 
23. gxf3 N@h3+ 24. Kh1 Q@f2 25. R@f1 R@g1+ 26. Rxg1 Nxg1 27. hxg7 Qxh2+ 28. Kxh2 
Nxf3+ 29. Kh1 R@h2# 
{vbr checkmated} 0-1

[Event "fics rated crazyhouse match"]
[Site "fics, Oklahoma City, OK USA"]
[Date "2000.02.20"]
[White "LSS"]
[WhiteElo "2542"]
[Black "spurs"]
[BlackElo "2275"]
[TimeControl "180+0"]
[Result "1-0"]

1. e4 e6 2. d4 d5 3. exd5 exd5 4. Bb5+ Bd7 5. Qe2+ Qe7 6. Nc3 
Qxe2+ 7. Ngxe2 Bb4 8. O-O Bxc3 9. Nxc3 P@f3 10. Re1+ Ne7 11. Rxe7+ Kxe7 
12. Nxd5+ Kd8 13. P@e7+ Kc8 14. Q@d8+ Rxd8 15. exd8=R+ Kxd8 16. P@e7+ Kc8 17. R@d8# 
{spurs checkmated} 1-0

[Event "fics rated crazyhouse match"]
[Site "fics, Oklahoma City, OK USA"]
[Date "2000.02.20"]
[White "spurs"]
[WhiteElo "2272"]
[Black "LSS"]
[BlackElo "2545"]
[TimeControl "180+0"]
[Result "0-1"]

1. d4 e6 2. Nf3 d5 3. Bg5 f6 4. Bh4 Ne7 5. e3 Nbc6 6. Bb5 
Bd7 7. Bxc6 bxc6 8. O-O Ng6 9. Bg3 Rb8 10. N@a6 Rb7 11. Bxc7 Rxc7 
12. Nxc7+ Qxc7 13. P@e5 Be7 14. exf6 Bxf6 15. P@e5 Bd8 16. Nc3 O-O 17. Na4 
B@g4 18. R@g3 B@h5 19. Nc5 P@h4 20. Rxg4 Bxg4 21. Nxh4 Bxd1 22. Nxg6 hxg6 
23. Raxd1 N@h4 24. B@h3 N@g5 25. B@g4 Nxh3+ 26. Bxh3 B@e2 27. Nxe6 Bxe6 28. Bxe6+ 
R@f7 29. B@d6 Bxf1 30. Bxc7 R@h1+ 31. Kxh1 Bxg2+ 32. Kg1 Q@h1# 
{spurs checkmated} 0-1

[Event "fics rated crazyhouse match"]
[Site "fics, Oklahoma City, OK USA"]
[Date "2000.02.20"]
[White "LSS"]
[WhiteElo "2548"]
[Black "spurs"]
[BlackElo "2269"]
[TimeControl "180+0"]
[Result "1-0"]

1. e4 e6 2. d4 d5 3. exd5 exd5 4. Bb5+ Bd7 5. Qe2+ Qe7 6. Nc3 
Qxe2+ 7. Ngxe2 Bb4 8. O-O Bxb5 9. Nxb5 Ba5 10. Nf4 B@c4 11. B@d3 Bxd3 
12. cxd3 P@e6 13. B@e5 B@g5 14. Bxg7 Bxf4 15. Q@f8+ Kd7 16. Bxf4 N@e2+ 17. Kh1 
Q@e7 18. B@c8+ Kc6 19. Qxe7 Nxe7 20. Q@c5# 
{spurs checkmated} 1-0

[Event "fics rated crazyhouse match"]
[Site "fics, Oklahoma City, OK USA"]
[Date "2000.02.20"]
[White "spurs"]
[WhiteElo "2266"]
[Black "Tecumseh"]
[BlackElo "2281"]
[TimeControl "180+0"]
[Result "1-0"]

1. d4 Nc6 2. e4 d5 3. e5 Bf5 4. Bb5 e6 5. Nf3 Ne7 6. Bg5 
h6 7. Bxe7 Bxe7 8. N@h5 Rg8 9. Bxc6+ bxc6 10. Nxg7+ Rxg7 11. P@f6 Rxg2 
12. fxe7 Qxe7 13. B@f6 B@a5+ 14. Nc3 Qf8 15. Nh4 Rxf2 16. Kxf2 N@g4+ 17. Qxg4 
Bxg4 18. N@g7+ Kd7 19. Rhe1 Bxc3 20. bxc3 N@h3+ 21. Kg3 P@f5 22. R@f1 Qxg7 
23. N@c5+ Ke8 24. B@d7+ Kf8 25. Bxg7+ Kxg7 26. Nxf5+ Bxf5 27. P@f6+ Kg6 28. Q@g7+ 
Kh5 29. Rxf5+ exf5 30. B@g4+ fxg4 31. Qxg4# 
{Tecumseh checkmated} 1-0

[Event "fics rated crazyhouse match"]
[Site "fics, Oklahoma City, OK USA"]
[Date "2000.02.20"]
[White "Tecumseh"]
[WhiteElo "2273"]
[Black "spurs"]
[BlackElo "2274"]
[TimeControl "180+0"]
[Result "0-1"]

1. e4 e6 2. d4 d5 3. e5 Ne7 4. Bg5 Qd7 5. Nc3 Nf5 6. Nf3 
Bb4 7. Be2 Bxc3+ 8. bxc3 N@e4 9. B@b4 Nc6 10. Bb5 a5 11. Bxc6 bxc6 
12. N@c5 Nxc5 13. Bxc5 N@e4 14. N@f6+ gxf6 15. Bxf6 Nxf6 16. exf6 Rg8 17. Ne5 
N@f4 18. Nxd7 Nxg2+ 19. Kd2 B@h6+ 20. P@e3 Ngxe3 21. N@g7+ Rxg7 22. Q@f8+ Kxd7 
23. fxg7 Nxd1+ 24. R@e3 Bxe3+ 25. fxe3 N@e4+ 26. Kc1 B@d2+ 27. Kxd1 N@b2+ 28. Ke2 
R@f2# 
{Tecumseh checkmated} 0-1

[Event "fics rated crazyhouse match"]
[Site "fics, Oklahoma City, OK USA"]
[Date "2000.02.20"]
[White "spurs"]
[WhiteElo "2282"]
[Black "Tecumseh"]
[BlackElo "2265"]
[TimeControl "180+0"]
[Result "1-0"]

1. d4 Nc6 2. Nf3 Nf6 3. Nc3 d5 4. Bg5 Ne4 5. Bh4 f6 6. e3 
e6 7. Bb5 Bb4 8. O-O Bxc3 9. Bxc6+ bxc6 10. bxc3 Nxc3 11. Qd2 Ne4 
12. Qb4 B@e7 13. Qe1 N@f5 14. B@d3 Nxh4 15. Nxh4 P@d2 16. Qe2 f5 17. Qh5+ 
B@f7 18. Qxf7+ Kxf7 19. N@e5+ Kf8 20. N@g6+ hxg6 21. Nhxg6+ Kg8 22. P@f7+ Kh7 
23. B@g8+ Rxg8 24. fxg8=Q+ Qxg8 25. Bxe4 fxe4 26. Nxe7 B@h5 27. N@g5+ Kh8 28. N5g6# 
{Tecumseh resigns} 1-0

[Event "fics rated crazyhouse match"]
[Site "fics, Oklahoma City, OK USA"]
[Date "2000.02.20"]
[White "Tecumseh"]
[WhiteElo "2257"]
[Black "spurs"]
[BlackElo "2290"]
[TimeControl "180+0"]
[Result "0-1"]

1. e4 e6 2. d4 d5 3. exd5 exd5 4. Nf3 Bg4 5. Nc3 Bb4 6. Be2 
Bxc3+ 7. bxc3 N@e4 8. B@b4 Nc6 9. Ne5 Bxe2 10. Qxe2 Nxb4 11. P@d7+ Kf8 
12. Nxf7 Kxf7 13. cxb4 B@c3+ 14. P@d2 Bxa1 15. N@e5+ Ke7 16. B@h4+ P@f6 17. Qxe4 
dxe4 18. N@f5+ Kf8 19. Nxg7 Kxg7 20. d3 B@c3+ 21. P@d2 N@f4 22. Kd1 Q@e2# 
{Tecumseh checkmated} 0-1

[Event "fics rated crazyhouse match"]
[Site "fics, Oklahoma City, OK USA"]
[Date "2000.02.20"]
[White "spurs"]
[WhiteElo "2297"]
[Black "Tecumseh"]
[BlackElo "2250"]
[TimeControl "180+0"]
[Result "0-1"]

1. d4 Nf6 2. Nf3 Ne4 3. Bf4 d6 4. e3 Nc6 5. Bb5 Bd7 6. Bxc6 
Bxc6 7. Nc3 B@b4 8. O-O Bxc3 9. bxc3 Nxc3 10. d5 Bxd5 11. Qxd5 Nxd5 
12. B@c4 e6 13. Ng5 Nxf4 14. exf4 B@d5 15. Bxd5 exd5 16. Nxf7 B@f3 17. Rfe1+ 
P@e4 18. B@h3 Qh4 19. Nxd6+ Bxd6 20. P@d7+ Kf7 21. B@e6+ Kf8 22. d8=Q+ Rxd8 
23. N@d7+ Rxd7 24. Bxd7 Qxf2+ 25. Kxf2 Q@d2+ 26. R@e2 P@e3+ 27. Kg3 N@h5+ 28. Kh4 
N@g6+ 29. Kg5 P@h6+ 30. Kf5 N@e7+ 31. Ke6 Nhxf4# 
{spurs checkmated} 0-1

[Event "fics rated crazyhouse match"]
[Site "fics, Oklahoma City, OK USA"]
[Date "2000.02.20"]
[White "Tecumseh"]
[WhiteElo "2259"]
[Black "spurs"]
[BlackElo "2288"]
[TimeControl "60+0"]
[Result "0-1"]

1. e3 e6 2. d3 d5 3. Nf3 Be7 4. Be2 Nf6 5. Bd2 c5 6. Nc3 
Nc6 7. e4 O-O 8. e5 Nd7 9. d4 cxd4 10. Nb5 Ndxe5 11. Nbxd4 Nxd4 
12. Nxe5 Nxe2 13. Qxe2 N@d4 14. Qh5 Nxc2+ 15. Kf1 B@a6+ 16. P@e2 Nxa1 17. N@h6+ 
gxh6 18. Qxh6 Bxe2+ 19. Kxe2 N@d4+ 20. Kd3 P@e4+ 21. Ke3 Bg5+ 22. B@f4 Nac2# 
{Tecumseh checkmated} 0-1

[Event "fics rated crazyhouse match"]
[Site "fics, Oklahoma City, OK USA"]
[Date "2000.02.20"]
[White "spurs"]
[WhiteElo "2295"]
[Black "Tecumseh"]
[BlackElo "2252"]
[TimeControl "60+0"]
[Result "1-0"]

1. d4 Nc6 2. Nf3 Nf6 3. Bg5 d5 4. Nc3 Ne4 5. Nxe4 dxe4 6. Ne5 
Nxd4 7. Nxf7 Nxc2+ 8. Qxc2 N@b4 9. Qa4+ Qd7 10. Qxd7+ Bxd7 11. Q@d2 e6 
12. Nxh8 P@f7 13. Qxd7+ Kxd7 14. N@e5+ Kd6 15. R@d7+ Kxe5 16. B@d4+ Kf5 17. N@e3+ 
Kxg5 18. h4+ Kh5 19. g4+ Kh6 20. P@g5# 
{Tecumseh checkmated} 1-0

[Event "fics rated crazyhouse match"]
[Site "fics, Oklahoma City, OK USA"]
[Date "2000.02.20"]
[White "Tecumseh"]
[WhiteElo "2245"]
[Black "spurs"]
[BlackElo "2302"]
[TimeControl "60+0"]
[Result "1-0"]

1. e4 e6 2. d3 d5 3. Nf3 dxe4 4. dxe4 Qxd1+ 5. Kxd1 Nf6 6. Bb5+ 
Bd7 7. Bd3 Bc5 8. P@d4 Bb6 9. Ke1 Ng4 10. Q@g5 Ba5+ 11. Bd2 Q@c1+ 
12. Ke2 Qxh1 13. Qxg4 Bxd2 14. Nbxd2 Qxa1 15. Qxg7 B@d1+ 16. Ke3 P@f4+ 17. Kxf4 
R@g8 18. N@f6+ Ke7 19. B@a3+ Kd8 20. P@e7+ Kc8 21. Qxg8+ Rxg8 22. R@d8+ Rxd8 
23. exd8=Q+ Kxd8 24. P@e7+ Kc8 25. R@d8# 
{spurs checkmated} 1-0

[Event "fics rated crazyhouse match"]
[Site "fics, Oklahoma City, OK USA"]
[Date "2000.02.20"]
[White "spurs"]
[WhiteElo "2293"]
[Black "Tecumseh"]
[BlackElo "2254"]
[TimeControl "60+0"]
[Result "1-0"]

1. d4 Nc6 2. Nf3 Nf6 3. Bg5 Ne4 4. Bh4 Rg8 5. Nbd2 d5 6. e3 
g5 7. Bg3 g4 8. Nxe4 gxf3 9. Nc5 e5 10. Qxf3 e4 11. N@f6+ Qxf6 
12. Qxf6 Be7 13. Q@g7 Rxg7 14. Qxg7 N@g6 15. R@g8+ N@f8 16. P@f6 Bxf6 17. Qxf6 
P@e7 18. Qg5 Q@f5 19. Qxf5 Bxf5 20. Bxc7 Q@b4+ 21. B@c3 Qxc5 22. dxc5 N@e6 
23. Rxf8+ Ngxf8 24. N@g7+ Nxg7 25. Bxg7 N@e6 26. P@d7+ Nxd7 27. N@e5 Ndxe5 28. Q@g8+ 
R@f8 29. Bcxe5 
{Tecumseh forfeits on time} 1-0

[Event "fics rated crazyhouse match"]
[Site "fics, Oklahoma City, OK USA"]
[Date "2000.02.20"]
[White "Thufir"]
[WhiteElo "2319"]
[Black "spurs"]
[BlackElo "2300"]
[TimeControl "60+0"]
[Result "1-0"]

1. e4 e6 2. Nc3 d5 3. exd5 exd5 4. d4 Bb4 5. Bb5+ Bd7 6. Qe2+ 
Qe7 7. Bxd7+ Nxd7 8. P@e5 Bxc3+ 9. bxc3 N@e4 10. B@d2 Nxd2 11. Bxd2 B@h6 
12. N@f5 Bxd2+ 13. Qxd2 Qf8 14. B@b4 B@e7 15. Bxe7 Nxe7 16. Nxe7 Qxe7 17. N@f5 
B@g5 18. B@e3 Bxe3 19. fxe3 N@e4 20. Nxe7 Nxd2 21. Nf5 B@g5 22. Kxd2 B@e6 
23. Nxg7+ Kd8 24. P@e7+ Bxe7 25. B@d3 Bg5 26. Nxe6+ fxe6 27. N@f7+ Kc8 28. Q@f2 
Bxe3+ 29. Qxe3 N@g4 30. Qf3 P@e3+ 31. Kc1 P@d2+ 32. Kb2 Q@c1+ 33. Rxc1 dxc1=Q+ 
34. Kxc1 P@d2+ 35. Kb2 Nf2 36. Qxe3 d1=N+ 37. Ka3 Nxe3 38. B@b3 Q@a5+ 39. B@a4 
R@b1 40. B@b4 
{spurs forfeits on time} 1-0

[Event "fics rated crazyhouse match"]
[Site "fics, Oklahoma City, OK USA"]
[Date "2000.02.20"]
[White "spurs"]
[WhiteElo "2292"]
[Black "Thufir"]
[BlackElo "2327"]
[TimeControl "60+0"]
[Result "0-1"]

1. d3 e6 2. Nf3 Nc6 3. Nc3 Nf6 4. e4 Be7 5. Bg5 d6 6. Bxf6 
Bxf6 7. d4 B@g4 8. Bb5 O-O 9. Rg1 Bxf3 10. gxf3 Nxd4 11. N@h5 P@g6 
12. Nxf6+ Qxf6 13. B@g5 Nxf3+ 14. Qxf3 Qxf3 15. N@e7+ Kh8 16. B@e2 N@g2+ 17. Rxg2 
Qxg2 18. O-O-O Qxg5+ 19. Kb1 Qxe7 20. f4 P@b4 21. Na4 a6 22. e5 axb5 
23. Bxb5 Rxa4 24. Bxa4 B@e2 25. P@f6 Bxd1 26. fxg7+ Kxg7 27. P@f6+ Kh6 28. R@h3+ 
P@h5 29. Kc1 R@a1+ 30. Kd2 N@c4+ 31. Kd3 Q@d5+ 32. N@d4 B@e4# 
{spurs checkmated} 0-1

[Event "fics rated crazyhouse match"]
[Site "fics, Oklahoma City, OK USA"]
[Date "2000.02.20"]
[White "Thufir"]
[WhiteElo "2334"]
[Black "spurs"]
[BlackElo "2285"]
[TimeControl "60+0"]
[Result "1-0"]

1. e4 e6 2. d4 d5 3. exd5 exd5 4. Bb5+ Bd7 5. Qe2+ Qe7 6. Nc3 
Qxe2+ 7. Bxe2 Bb4 8. Nf3 Nf6 9. O-O Bxc3 10. bxc3 P@h3 11. gxh3 Bxh3 
12. P@d7+ Nfxd7 13. Nh4 P@g2 14. Q@e3+ P@e6 15. Nxg2 Bxg2 16. f3 Bxf1 17. Bxf1 
N@f5 18. Qe2 N@h4 19. P@g3 Nxf3+ 20. Qxf3 Q@e4 21. Qxe4 dxe4 22. P@g2 P@f3 
23. B@h3 f2+ 24. Kxf2 R@d1 25. B@d2 Rxd2+ 26. Bxd2 e3+ 27. Bxe3 Nxe3 28. P@e7 
Q@d2+ 29. Q@e2 
{spurs forfeits on time} 1-0

[Event "fics rated crazyhouse match"]
[Site "fics, Oklahoma City, OK USA"]
[Date "2000.02.20"]
[White "spurs"]
[WhiteElo "2278"]
[Black "Nathaniel"]
[BlackElo "2188"]
[TimeControl "60+0"]
[Result "1-0"]

1. d4 e6 2. Nf3 d5 3. Bg5 Be7 4. Bxe7 Nxe7 5. e3 Nf5 6. Nc3 
Nc6 7. Bb5 Bd7 8. Bxc6 bxc6 9. Ne5 Rb8 10. B@g4 O-O 11. Bxf5 exf5 
12. Nxd7 Qxd7 13. N@e5 Qe6 14. B@d7 Qh6 15. Bxf5 N@h4 16. N@e7+ Kh8 17. Rg1 
B@f6 18. N5xc6 Rxb2 19. Ncxd5 Bxe7 20. Ncxe7 B@b4+ 21. Nxb4 Rxb4 22. B@c3 Rb5 
23. d5 P@g6 24. P@g5 Qxg5 25. Bxg7+ Kxg7 26. B@c3+ f6 27. Bxg6 hxg6 28. Nc6 
Rxd5 29. P@e7 Re8 30. Qxd5 Qxd5 31. P@d3 Qxc6 32. Bxf6+ Kxf6 33. R@f8+ B@f7 
34. Rxe8 Qxe8 35. P@g5+ Kxe7 36. P@f6+ Kd6 37. P@e5+ Kxe5 38. R@e4+ Kd6 39. Rxe8 
Bxe8 40. Q@d4+ Kc6 41. Qxh4 Kb7 42. Qc4 a6 43. N@c5+ Ka7 44. Qxa6# 
{Nathaniel forfeits on time} 1-0

[Event "fics rated crazyhouse match"]
[Site "fics, Oklahoma City, OK USA"]
[Date "2000.02.20"]
[White "Nathaniel"]
[WhiteElo "2182"]
[Black "spurs"]
[BlackElo "2284"]
[TimeControl "60+0"]
[Result "1-0"]

1. e4 e6 2. Nc3 d5 3. e5 Ne7 4. d4 Nf5 5. Be3 Bb4 6. Be2 
Nxe3 7. fxe3 Bxc3+ 8. bxc3 N@e4 9. Nh3 Nxc3 10. Qd3 Nxe2 11. Kxe2 B@f5 
12. Qd2 B@g4+ 13. B@f3 Bxf3+ 14. gxf3 Bxh3 15. Rhg1 P@e4 16. Rxg7 exf3+ 17. Kxf3 
P@e4+ 18. Kf2 N@g4+ 19. Rxg4 Bxg4 20. N@f6+ Kf8 21. Nxg4 Qh4+ 22. P@g3 Qxg4 
23. P@e7+ Ke8 24. N@f6+ Kxe7 25. Nxg4 R@f3+ 26. Ke1 P@f2+ 27. Nxf2 N@g2+ 28. Kd1 
Nxe3+ 29. Kc1 P@b2+ 30. Kxb2 Nc4+ 31. Kc1 B@b2+ 32. Kd1 Nxd2 33. B@g5+ Kd7 
34. B@b5+ c6 35. Q@e7# 
{spurs checkmated} 1-0

[Event "fics rated crazyhouse match"]
[Site "fics, Oklahoma City, OK USA"]
[Date "2000.02.20"]
[White "Gobi"]
[WhiteElo "2339"]
[Black "Thufir"]
[BlackElo "2341"]
[TimeControl "60+0"]
[Result "0-1"]

1. e4 e6 2. d4 Nc6 3. Nc3 Nf6 4. d5 exd5 5. exd5 Qe7+ 6. Qe2 
Nb4 7. P@e6 dxe6 8. Bg5 P@d4 9. Qb5+ Bd7 10. Bxf6 gxf6 11. Qxd7+ Qxd7 
12. B@b5 P@c6 13. dxc6 bxc6 14. P@b7 P@d2+ 15. Ke2 Rd8 16. Ne4 B@g5 17. Nxg5 
Q@e5+ 18. N@e4 Qxb5+ 19. B@d3 Nxd3 20. Nxf6+ Ke7 21. cxd3 Qxg5 22. Nxd7 N@c1+ 
23. Kd1 B@a4+ 24. P@b3 Kxd7 25. N@c5+ Qxc5 
{Gobi forfeits on time} 0-1